 Dungeon Crawl Stone Soup version 0.28-a0-577-gb193047a1f (webtiles) character file.

Game seed: 3666011635157244582

263 AttackTheMoon the Gusty (level 6, -1/59 HPs)
             Began as an Ogre Air Elementalist on Oct 1, 2021.
             Slain by an orc priest (9 damage)
             ... on level 3 of the Dungeon.
             The game lasted 00:05:21 (2556 turns).

AttackTheMoon the Gusty (Ogre Air Elementalist)     Turns: 2556, Time: 00:05:22

Health: -1/59      AC:  4    Str: 12 (13) XL:     6   Next: 19%
Magic:  2/11       EV:  9    Int: 17 (18) God:
Gold:   52         SH:  0    Dex:  6 (9)  Spells: 6/12 levels left

rFire   . . .      SeeInvis .   f - staff of air
rCold   . . .      Faith    .   (no shield)
rNeg    . . .      Spirit   .   a - +0 robe
rPois   .          Reflect  .   c - +1 hat
rElec   +          Harm     .   (no cloak)
rCorr   .          Rampage  .   (gloves unavailable)
Will    .....                   (boots unavailable)
Stlth   +.........              (no amulet)
HPRegen 0.19/turn               (no ring)
MPRegen 0.12/turn               (no ring)

@: very slightly contaminated
A: large, unfitting armour, tough skin 1
a: no special abilities


You were on level 3 of the Dungeon.
You visited 1 branch of the dungeon, and saw 3 of its levels.

You collected 52 gold pieces.

Inventory:

Armour
 a - a +0 robe (worn)
 c - a +1 hat (worn)
Magical Staves
 f - a staff of air (weapon)
Potions
 h - a potion of mutation
 i - a potion of curing
 j - a potion of attraction


   Skills:
 + Level 2.8 Fighting
 + Level 1.7 Staves
 + Level 2.6 Dodging
 - Level 1.4 Stealth
 + Level 3.5 Spellcasting
 - Level 0.8 Conjurations
 * Level 4.0 Air Magic
 + Level 1.3 Evocations


You had 6 spell levels left.
You knew the following spells:

 Your Spells              Type           Power      Damage    Failure   Level
a - Shock                 Conj/Air       68%        1d7       6%          1
b - Static Discharge      Conj/Air       17%        N/A       9%          2
c - Swiftness             Air            25%        N/A       10%         3

Your spell library contained the following spells:

 Spells                   Type           Power      Damage    Failure   Level
 Corpse Rot               Necr/Air       N/A        N/A       11%         2
 Poisonous Vapours        Pois/Air       28%        N/A       11%         2
 Airstrike                Air            12%        N/A       30%         4


Dungeon Overview and Level Annotations

Branches:
Dungeon (3/15)

Altars:


Innate Abilities, Weirdness & Mutations

You are too large for most types of armour.
You have tough skin. (AC +1)


Message History

Aim: an orc, wielding a +0 flail of protection (moderately wounded, 71% to hit)
Okay, then.
Casting: Static Discharge (safe; 10% risk of failure)
Press: ? - help, Q - select action, (/) - cycle Dir - look around, f - activate You feel a surge of power!
The orc is struck by an arc of lightning!
You kill the orc!
The jackal is struck by an arc of lightning!
You kill the jackal!
The lightning grounds out.
A nearby fungus withers and dies.
Casting: Static Discharge (safe; 10% risk of failure)
Press: ? - help, Q - select action, (/) - cycle Dir - look around, f - activate You feel a surge of power!
The jackal is struck by an arc of lightning!
You kill the jackal!
The lightning grounds out.
A nearby fungus withers and dies.
The orc priest splashes around in the water.
Things that are here:
a +0 flail of protection; a +0 mace; an orc corpse
Casting: Static Discharge (safe; 9% risk of failure)
Press: ? - help, Q - select action, (/) - cycle Dir - look around, f - activate You feel a surge of power!
The jackal is struck by an arc of lightning.
You kill the jackal!
The orc priest is struck by an arc of lightning.
The orc priest is severely wounded.
The lightning grounds out.
The orc priest looks satisfied for a moment.
Casting: Static Discharge (safe; 9% risk of failure)
Press: ? - help, Q - select action, (/) - cycle Dir - look around, f - activate You feel a surge of power!
You miscast Static Discharge.
You are very lightly contaminated with residual magic.
Nothing appears to happen.
The orc priest looks satisfied for a moment.
You closely miss the orc priest.
The orc priest is severely wounded.
The orc priest hits you with a +0 morningstar!
You die...

##.≈..##...
#.......#
#P≈.## #.
#..##.#.#
#P≈.# #
#.....#.#
##≈.##
......#.#
#.≈.#
..######
##.≈##
........
#..≈#
.##.....
#..o####
........
##.†@_8#
..#.....
#######
........
........
..#..... .
#.....
#.....
....####
.... # ...
#


You could see an orc priest.

Vanquished Creatures
  Grinder (D:3)
  A gnoll (D:3)
  2 adders (D:2)
  2 worms
  A dart slug (D:1)
  3 orcs (D:3)
  2 ball pythons (D:1)
  3 bats
  An endoplasm (D:1)
  2 giant cockroaches
  3 goblins
  4 hobgoblins
  4 jackals (D:3)
  A quokka (D:1)
  8 rats
38 creatures vanquished.

Vanquished Creatures (others)
  9 fungi (D:3)
9 creatures vanquished.

Grand Total: 47 creatures vanquished

Notes
Turn   | Place    | Note
-------+----------+-------------------------------------------
     0 | D:1      | AttackTheMoon the Ogre Air Elementalist began the quest for
                  | the Orb.
     0 | D:1      | Reached XP level 1. HP: 16/16 MP: 3/3
   315 | D:1      | Reached XP level 2. HP: 26/26 MP: 0/5
   471 | D:1      | Reached skill level 3 in Air Magic
   606 | D:1      | Reached skill level 1 in Fighting
  1045 | D:1      | Learned a level 2 spell: Static Discharge
  1065 | D:2      | Reached XP level 3. HP: 33/33 MP: 1/7
  2149 | D:3      | Learned a level 3 spell: Swiftness
  2477 | D:3      | Reached XP level 4. HP: 24/42 MP: 3/8
  2534 | D:3      | Noticed Grinder
  2539 | D:3      | Killed Grinder
  2540 | D:3      | Reached skill level 1 in Staves
  2540 | D:3      | Reached skill level 4 in Air Magic
  2540 | D:3      | Reached skill level 1 in Evocations
  2540 | D:3      | Reached XP level 5. HP: 19/50 MP: 8/10
  2540 | D:3      | Reached XP level 6. HP: 23/59 MP: 8/11
  2541 | D:3      | Found a faded altar of an unknown god.
  2556 | D:3      | Slain by an orc priest

Illustrated notes

Levels and vault maps discovered:
D:1:      scummos_arrival_simple_fountains, layout_basic, grunt_decor_fettered
D:2:      layout_rooms, minmay_misc_feat_nine_boxes
D:3:      layout_basic, cheibriados_altar_1,
          shapermc_ecumenical_altar_hornbeckon, uniq_grinder

Skill      XL: |  1  2  3  4 |
---------------+-------------+-----
Dodging        | 2 |  2.6
Air Magic      | 3 4 |  4.0
Fighting       | 1 2 |  2.8
Spellcasting   | 3 |  3.5
Staves         | 1 |  1.7
Evocations     | 1 |  1.3
Stealth        | |  1.4
Conjurations   | |  0.8

Action                   |  1- 3 |  4- 6 || total
-------------------------+-------+-------++-------
Melee: Unarmed           |    19 |       ||    19
       Staff             |    20 |    11 ||    31
 Cast: Shock             |    64 |     2 ||    66
       Static Discharge  |     6 |     3 ||     9
  Use: Scroll            |     7 |     2 ||     9
       Potion            |       |     2 ||     2
Armor: Robe              |    10 |     3 ||    13
Dodge: Dodged            |    35 |     7 ||    42

Table legend: (Time is in decaauts)
 A = Elapsed time spent in this place.
 B = Non-inter-level travel time spent in this place.
 C = Inter-level travel time spent in this place.
 D = Time resting spent in this place.
 E = Time spent auto-exploring this place.
 F = Levels seen in this place.
 G = Mean time per level.
                   A        B        C        D        E       F      G
               +--------+--------+--------+--------+--------+-----+--------+
         Total |   2567 |   2537 |     30 |    379 |   1782 |   3 |  855.7 |
       Dungeon |   2567 |   2537 |     30 |    379 |   1782 |   3 |  855.7 |
               +--------+--------+--------+--------+--------+-----+--------+

Top non-repeatable levels by time:
     D:1: 1116 daAuts
     D:2: 1028 daAuts
     D:3: 422 daAuts
